 Dungeon Crawl Stone Soup version 0.28.0-1-gb440e238dd (webtiles) character file.

Game seed: 15405159472229722148

3342 hikkokomori the Geomancer (level 10, -36/54 HPs)
             Began as a Gargoyle Earth Elementalist on Feb 26, 2022.
             Annihilated by a boulder beetle (53 damage)
             ... on level 8 of the Dungeon.
             The game lasted 00:22:38 (9553 turns).

hikkokomori the Geomancer (GrEE)                    Turns: 9553, Time: 00:22:39

Health: -36/54     AC: 19    Str: 14    XL:     10   Next: 2%
Magic:  17/17      EV: 11    Int: 18    God:
Gold:   77         SH:  0    Dex: 12    Spells: 13/19 levels left

rFire   + . .      SeeInvis .   m - +1 morningstar
rCold   . . .      Faith    .   (no shield)
rNeg    + . .      Spirit   .   x - +2 leather armour {rF+}
rPois   ∞          Reflect  .   C - +0 helmet
rElec   +          Harm     .   p - +0 cloak
rCorr   .          Rampage  .   (no gloves)
Will    +....                   K - +2 pair of boots
Stlth   ++++......              (no amulet)
HPRegen 0.18/turn               n - ring of willpower
MPRegen 0.15/turn               (no ring)

@: no status effects
A: sickness immunity, AC +7, negative energy resistance 1, electricity
resistance, torment resistance 1, petrification resistance, iridescent scales 1,
thin skeletal structure 1, frail 1, passive freeze
a: no special abilities


You were on level 8 of the Dungeon.
You visited 2 branches of the dungeon, and saw 9 of its levels.
You also visited: Sewer.

You collected 384 gold pieces.
You spent 307 gold pieces at shops.

Inventory:

Hand Weapons
 a - a +0 dagger
 d - a +0 short sword of venom
 m - a +1 morningstar (weapon)
Missiles
 c - 244 stones
 e - 29 poisoned darts
 v - 2 curare-tipped darts
Armour
 p - a +0 cloak (worn)
 w - a +2 kite shield
 x - a +2 leather armour of fire resistance (worn)
 C - a +0 helmet (worn)
 F - a +0 tower shield of positive energy
 J - a +3 leather armour
 K - a +2 pair of boots (worn)
Magical Staves
 z - a staff of conjuration
Jewellery
 j - a ring of ice
 n - a ring of willpower (left hand)
Wands
 g - a wand of flame (9)
 E - a wand of iceblast (13)
Scrolls
 b - a scroll of noise {unknown}
 k - a scroll of vulnerability
 o - 3 scrolls of blinking
 q - a scroll of immolation {unknown}
 y - 2 scrolls of teleportation
 A - 2 scrolls of enchant weapon
 B - a scroll of torment
 I - a scroll of amnesia {unknown}
 L - a scroll of enchant armour {unknown}
Potions
 f - 2 potions of mutation
 h - a potion of resistance {unknown}
 i - 3 potions of curing
 l - a potion of lignification {unknown}
 r - a potion of flight
 s - 2 potions of invisibility
 t - 2 potions of cancellation
 u - 2 potions of might
 D - a potion of magic {unknown}
 G - 2 potions of haste
 H - a potion of degeneration


   Skills:
 + Level 6.4 Fighting
 - Level 1.5 Dodging
 + Level 6.9 Stealth
 - Level 5.1 Spellcasting
 + Level 6.3 Conjurations
 - Level 0.7 Transmutations
 + Level 10.1 Earth Magic


You had 13 spell levels left.
You knew the following spells:

 Your Spells              Type           Power      Damage    Failure   Level
a - Sandblast             Erth           82%        2d17      1%          1
b - Stone Arrow           Conj/Erth      68%        3d11      1%          3
c - Passwall              Tmut/Erth      20%        N/A       2%          2

Your spell library contained the following spells:

 Spells                   Type           Power      Damage    Failure   Level
 Conjure Flame            Conj/Fire      15%        6-21      14%         3
 Petrify                  Tmut/Erth      24%        N/A       19%         4
 Ignite Poison            Fire/Tmut/Pois 5%         N/A       41%         3
 Sticky Flame             Conj/Fire      15%        2d4       41%         4


Dungeon Overview and Level Annotations

Branches:
Dungeon (8/15)             Temple (1/1) D:5           Sewer (visited)
   Lair: D:8-11

Altars:
Ashenzari
Cheibriados
Dithmenos
Elyvilon
Fedhas
Gozag
Hepliaklqana
Kikubaaqudgha
Makhleb
Qazlal
Ru
Sif Muna
Trog
Yredelemnul
Zin
The Shining One

Shops:
D:4 *   D:7 *


Innate Abilities, Weirdness & Mutations

You are immune to sickness and miasma.
Your stone body is resilient. (AC +7)
You are immune to poison.
You resist negative energy. (rN+)
You are resistant to electric shocks. (rElec)
You are resistant to unholy torment.
You are immune to petrification.
You are partially covered in iridescent scales. (AC +2)
You have a somewhat thin skeletal structure. (Dex +2, Stealth+)
You are frail. (-10% HP)
A frigid envelope surrounds you and freezes all who hurt you.


Message History

Confirm with . or Enter, or press ? or * to list all spells.
Aiming: Stone Arrow (safe; 1% risk of failure)
Press: ? - help, Shift-Dir - straight line, f/p - gnoll sergeant
Aim: a gnoll sergeant, wielding a +1 trident of distortion and wearing a +0 scale mail (severely wounded, 81% to hit)
The stone arrow hits the gnoll sergeant!!
You kill the gnoll sergeant!
Unknown command.
You now have 77 gold pieces (gained 2).
Things that are here:
a +1 trident of distortion; a +0 scale mail A kobold is nearby!
Casting: Stone Arrow (safe; 1% risk of failure)
Confirm with . or Enter, or press ? or * to list all spells.
Aiming: Stone Arrow (safe; 1% risk of failure)
Press: ? - help, Shift-Dir - straight line, f - kobold
Aim: a kobold, wielding a +0 dagger and quivering stones (wandering, hasn't noticed you, 67% to hit)
The stone arrow hits the kobold!
You kill the kobold!
You start resting.
A boulder beetle is nearby!
A hornet comes into view.
The boulder beetle curls into a ball and begins rolling!
You see here a +0 mace.
There is a stone staircase leading up here.
You climb upwards.
There is a stone staircase leading down here.
You start resting.
Magic restored.
You climb downwards.
The boulder beetle bites you!
The boulder beetle is very cold.
The boulder beetle is lightly wounded.
The boulder beetle bites you!!
* * * LOW HITPOINT WARNING * * *
The boulder beetle is very cold.
The boulder beetle is moderately wounded.
There is a stone staircase leading up here.
The boulder beetle curls into a ball and begins rolling!
The boulder beetle hits you!!!
Ouch! That really hurt!
You die...

≈≈.. #.≈B≈.#.......#
≈.. #K≈§≈.#.......#
.. #.≈≈≈.#.......# .
#.≈≈≈.#.......#
#♣.≈.♣#.....#.#
♣♣.♣♣#####...# ♣.♣
#.°..)..# ♣.♣
#°#<##).#
#♣♣.♣♣#○#@)).>#
#..♣..#.B.[##.#
#♣♣.♣♣#.....#.# ♣.♣
#.[...#.#
######.###.....'.#
................###
###......(..........
#########.........
###.......y


You could see a boulder beetle (rolling).

Vanquished Creatures
  A yak (D:8)
  Sigmund (D:6)
  Eustachio (D:4)
  2 water moccasins
  An orc warrior (D:7)
  A black bear (D:6)
  An ogre (D:4)
  A sky beast (D:4)
  A necrophage (D:7)
  A centaur (D:5)
  A phantom (D:5)
  4 kobold brigands
  4 bullfrogs
  2 gnoll sergeants (D:8)
  A water moccasin zombie (D:6)
  4 scorpions
  2 water moccasin skeletons (D:4)
  3 killer bees (D:8)
  A howler monkey (D:4)
  2 centaur zombies
  2 orc priests
  2 centaur skeletons
  4 hounds (D:5)
  An iguana (D:4)
  Ijyb (D:3)
  7 orc wizards
  Robin (D:4)
  2 howler monkey skeletons
  5 gnolls (D:8)
  6 adders
  3 white imps
  3 ufetubi (D:4)
  2 adder skeletons (D:4)
  3 worms (D:3)
  3 dart slugs
  27 orcs
  9 ball pythons
  2 bats
  7 endoplasms
  5 giant cockroaches
  11 goblins
  9 hobgoblins
  4 jackals (D:1)
  27 kobolds
  5 quokkas
  3 frilled lizards
  A jackal skeleton (D:4)
  4 rats
194 creatures vanquished.

Vanquished Creatures (others)
  4 fungi
  18 plants
  6 toadstools (D:4)
28 creatures vanquished.

Grand Total: 222 creatures vanquished

Notes
Turn   | Place    | Note
-------+----------+-------------------------------------------
     0 | D:1      | hikkokomori the Gargoyle Earth Elementalist began the quest
                  | for the Orb.
     0 | D:1      | Reached XP level 1. HP: 10/10 MP: 3/3
   304 | D:1      | Reached XP level 2. HP: 13/15 MP: 5/5
   345 | D:1      | Reached skill level 4 in Earth Magic
   514 | D:1      | Found a faded altar of an unknown god.
   733 | D:1      | Reached XP level 3. HP: 15/19 MP: 4/6
  2197 | D:2      | Reached XP level 4. HP: 24/24 MP: 4/8
  2541 | D:3      | Reached skill level 5 in Earth Magic
  2600 | D:3      | Found a glowing golden altar of the Shining One.
  3085 | D:3      | Found a glowing drain.
  3100 | Sewer    | Entered a sewer
  3400 | Sewer    | Noticed a kobold brigand
  3411 | Sewer    | Killed a kobold brigand
  3412 | Sewer    | Reached XP level 5. HP: 25/28 MP: 0/10
  3587 | Sewer    | Noticed a kobold brigand
  3628 | Sewer    | Killed a kobold brigand
  3629 | Sewer    | Reached skill level 6 in Earth Magic
  3629 | Sewer    | Reached XP level 6. HP: 32/32 MP: 5/12
  3874 | D:3      | Gained mutation: You have a somewhat thin skeletal
                  | structure. (Dex +2, Stealth+) [potion of mutation]
  3874 | D:3      | Gained mutation: You are partially covered in iridescent
                  | scales. (AC +2) [potion of mutation]
  3874 | D:3      | Gained mutation: You are frail. (-10% HP) [potion of
                  | mutation]
  3874 | D:3      | Gained mutation: A frigid envelope surrounds you and
                  | freezes all who hurt you. [potion of mutation]
  4661 | D:4      | Noticed Ijyb
  4680 | D:3      | Killed Ijyb
  4842 | D:4      | Found a stormy altar of Qazlal.
  4849 | D:4      | Reached skill level 7 in Earth Magic
  4849 | D:4      | Reached XP level 7. HP: 32/32 MP: 9/14
  4851 | D:4      | Found a sacrificial altar of Ru.
  4952 | D:4      | Reached skill level 1 in Fighting
  4952 | D:4      | Reached skill level 5 in Spellcasting
  4956 | D:4      | Learned a level 3 spell: Stone Arrow
  5005 | D:4      | Found Giuczepp's Neck Hole.
  5060 | D:4      | Noticed Eustachio
  5074 | D:4      | Killed Eustachio
  5075 | D:4      | Reached skill level 1 in Conjurations
  5412 | D:4      | Noticed Robin
  5415 | D:4      | Reached XP level 8. HP: 40/40 MP: 15/15
  5421 | D:4      | Killed Robin
  5839 | D:5      | Entered Level 5 of the Dungeon
  5881 | D:5      | Reached skill level 8 in Earth Magic
  5887 | D:5      | Found a snail-covered altar of Cheibriados.
  5893 | D:5      | Found a broken altar of Ashenzari.
  5902 | D:5      | Found a glowing silver altar of Zin.
  6166 | D:5      | Found a staircase to the Ecumenical Temple.
  6203 | Temple   | Entered the Ecumenical Temple
  6979 | D:6      | Noticed Sigmund
  7038 | D:6      | Killed Sigmund
  7039 | D:6      | Reached XP level 9. HP: 46/46 MP: 6/16
  7117 | D:6      | Reached skill level 5 in Stealth
  7117 | D:6      | Reached skill level 9 in Earth Magic
  7348 | D:6      | Reached skill level 5 in Fighting
  7827 | D:7      | Reached skill level 5 in Conjurations
  8164 | D:7      | Found Kionaresk's Island Escapes.
  8331 | D:7      | Bought a scroll of blinking for 112 gold pieces
  8331 | D:7      | Bought a scroll of teleportation for 45 gold pieces
  8331 | D:7      | Bought a potion of haste for 150 gold pieces
  9351 | D:8      | Reached skill level 10 in Earth Magic
  9354 | D:8      | Learned a level 2 spell: Passwall
  9416 | D:8      | Noticed a boulder beetle
  9421 | D:8      | Reached XP level 10. HP: 53/54 MP: 7/17
  9553 | D:8      | Annihilated by a boulder beetle

Illustrated notes

Levels and vault maps discovered:
D:1:      onia_arrival_mini_spirals, layout_loops_corners,
          chequers_ecumenical_altar_lobes, chequers_big_river,
          minmay_misc_feat_doors
D:2:      layout_basic
D:3:      layout_basic, mainiacjoe_overflow_cross_hatched, portal_sewer_entry_f,
          glass_columns_b, kennysheep_generic_room_5
D:4:      layout_basic, mainiacjoe_overflow_large_starburst,
          grunt_ministairs_15, minmay_gold_behind_fungi,
          nicolae_shop_sticking_my_neck_out, uniq_eustachio, uniq_robin,
          uniq_ijyb
D:5:      layout_loops_ring, minmay_overflow_temple_star_quad,
          minmay_temple_entry_crystal_x
D:6:      layout_cave_pools, uniq_sigmund
D:7:      layout_loops_corners, kennysheep_small_spiral, minmay_misc_feat_iff,
          minmay_misc_feat_room, chequers_serial_rivers_small_b,
          nicolae_island_escapes
D:8:      nzn_winding_woodlands_large [nzn_winding_woodlands_5x5_checkerboard,
          nzn_winding_woodlands_5x15_river_crossing,
          nzn_winding_woodlands_5x5_cross,
          nzn_winding_woodlands_center_pierced_h,
          nzn_winding_woodlands_15x15_eel_pit,
          nzn_winding_woodlands_center_lodge, nzn_winding_woodlands_hourglass,
          nzn_winding_woodlands_5x15_pathside_ponds,
          nzn_winding_woodlands_5x5_perimeter], layout_basic, okawaru_humans
Temple:   jpeg_temple_alley_garden

Skill      XL: |  1  2  3  4  5  6  7  8  9 |
---------------+----------------------------+-----
Earth Magic    | 4 5 6 7 8 10 | 10.1
Spellcasting   | 3 4 5 |  5.1
Fighting       | 2 4 6 |  6.4
Conjurations   | 2 4 6 |  6.3
Stealth        | 4 6 |  6.9
Dodging        | |  1.5
Transmutations | |  0.7

Action                   |  1- 3 |  4- 6 |  7- 9 | 10-12 || total
-------------------------+-------+-------+-------+-------++-------
Melee: Unarmed           |    17 |       |       |       ||    17
       Short sword       |    54 |       |       |       ||    54
       Dagger            |     3 |       |       |       ||     3
       Punch             |     5 |       |     1 |       ||     6
       Morningstar       |       |    76 |   156 |       ||   232
 Cast: Sandblast         |    15 |    56 |    48 |       ||   119
       Stone Arrow       |       |       |    28 |     3 ||    31
Evoke: Wand              |       |       |       |     1 ||     1
  Use: Scroll            |       |     3 |     6 |       ||     9
       Potion            |       |     2 |     1 |       ||     3
 Stab: Sleeping          |     3 |     1 |    12 |       ||    16
Armor: Robe              |    27 |    60 |     4 |       ||    91
       Leather armour    |       |       |   131 |     1 ||   132
Dodge: Dodged            |    37 |    71 |   125 |       ||   233
